 Dungeon Crawl Stone Soup version 0.22.1-1-ga44c0e56f4 (webtiles) character file.

3293 Gargoyl the Covered (level 9, -3/67 HPs)
             Began as a Centaur Abyssal Knight on Nov 5, 2018.
             Was an Elder of Lugonu.
             Slain by Erolcha
             ... wielding a +3 giant club
              (32 damage)
             ... on level 9 of the Dungeon.
             The game lasted 00:17:53 (12288 turns).

Gargoyl the Covered (Centaur Abyssal Knight)       Turns: 12288, Time: 00:17:54

Health: -3/67      AC:  9    Str: 15    XL:     9   Next: 69%
Magic:  13/13      EV:  3    Int: 11    God:    Lugonu [****..]
Gold:   448        SH: 13    Dex: 12    Spells: 8/8 levels left

rFire    + . .     SeeInvis +   a - +3 hand axe
rCold    . . .     Gourm    .   e - +2 large shield
rNeg     . . .     Faith    .   A - +2 scale mail {rPois}
rPois    +         Spirit   .   (no helmet)
rElec    .         Reflect  .   (no cloak)
rCorr    .         Harm     .   (no gloves)
MR       .....                  (no barding)
Stlth    ..........             (no amulet)
HPRegen  0.21/turn              t - ring of see invisible
MPRegen  0.13/turn              (no ring)

@: very quick
A: large, hooves 3, deformed body, fire resistance 1, speed 2, frail 1, poison
resistance, tough skin 3
a: Depart the Abyss, Bend Space, Banish, Corrupt, Renounce Religion


You were on level 9 of the Dungeon.
You worshipped Lugonu.
Lugonu was greatly pleased with you.
You were not hungry.

You visited 1 branch of the dungeon, and saw 9 of its levels.
You visited the Abyss 1 time.
You also visited: Sewer.

You collected 448 gold pieces.

Inventory:

Hand Weapons
 a - a +3 hand axe (weapon)
 z - a +0 hand axe of flaming
Missiles
 n - 4 poisoned javelins (quivered)
Armour
 e - a +2 large shield (worn)
 A - a +2 scale mail of poison resistance (worn)
Jewellery
 t - a ring of see invisible (left hand)
Wands
 b - a wand of scattershot (6)
 o - a wand of iceblast (2)
 u - a wand of polymorph (11)
 v - a wand of flame (65)
Scrolls
 d - 4 scrolls of identify
 j - 4 scrolls of remove curse
 k - a scroll of magic mapping
 l - a scroll of fog
 m - 2 scrolls of blinking
 q - 8 scrolls of teleportation
 r - 3 scrolls of fear
 x - a scroll of random uselessness {unknown}
 y - a scroll of amnesia
Potions
 f - 4 potions of curing
 g - 2 potions of haste
 h - 2 potions of lignification
 i - 4 potions of brilliance
 p - a potion of magic
 s - a potion of agility
 w - 4 potions of flight
Comestibles
 c - 11 rations


   Skills:
 + Level 6.1 Fighting
 + Level 6.1 Axes
 + Level 1.4 Throwing
 * Level 6.5 Armour
 + Level 2.8 Dodging
 + Level 1.1 Shields
 * Level 6.1 Invocations


You had 8 spell levels left.
You didn't know any spells.
Your spell library contained the following spells:

 Spells                   Type           Power        Failure   Level  Hunger
 Beastly Appendage        Tmut           #.....       100%        1    ##.....
 Magic Dart               Conj           #...         100%        1    ##.....
 Blink                    Tloc           N/A          100%        2    ###....
 Call Imp                 Summ           #.......     100%        2    ###....
 Slow                     Hex            #.......     100%        2    ###....
 Sticks to Snakes         Tmut           #.......     100%        2    ###....
 Conjure Flame            Conj/Fire      #.......     100%        3    ####...
 Mephitic Cloud           Conj/Pois/Air  #.......     100%        3    ####...
 Spider Form              Tmut/Pois      #.........   100%        3    ####...
 Ice Form                 Ice/Tmut       #.......     100%        4    #####..
 Blade Hands              Tmut           #.........   100%        5    ######.


Dungeon Overview and Level Annotations

Branches:
Dungeon (9/15)             Temple (0/1) D:7
   Lair: D:8-11         Orc: D:9-12

Altars:
Cheibriados
Fedhas
Hepliaklqana

Shops:
D:7 [

Annotations:
D:9 Erolcha


Innate Abilities, Weirdness & Mutations

You have hooves in place of feet.
Armour fits poorly on your strangely shaped body.
You cover ground very quickly.
You have extremely tough skin. (AC +3)
Your flesh is heat resistant. (rF+)
You are frail. (-10% HP)
Your system is resistant to poisons. (rPois)


Message History

Lugonu accepts your kill.
You hit the orc. You hit the orc wizard.
The orc wizard points at you and mumbles some strange words.
The magic dart hits you! You block the orc's attack.
The orc wizard mumbles some strange words.
The orc wizard blinks!
Erolcha barely misses you.
Things that are here:
a dagger of flaming; an embroidered robe; an orc corpse You slash the orc!
You kill the orc!
Lugonu accepts your kill.
You closely miss Erolcha.
Erolcha hits you with an enchanted giant club!!
You block the orc wizard's attack.
Unknown command.
The orc wizard casts a spell at you. The magic dart hits you!
Erolcha hits you with an enchanted giant club!!
You die...

#...# #####..........#
#...# #... #..
#..........# #...# #...#
#..# #....#...#.# #...#
#.#.# #..# #....#.....#
#...# #.#.# #..#
#....#.....# #...# #.#.#
#..# #....#..... #.#.+
#.#.# #..# ... #...#
#.#.###..######....
....####.#......@O........
..#......#..#....o).......
.....##.....#...o.).......
..........................
##########################


You could see Erolcha and 2 orc wizards.

Vanquished Creatures
  Prince Ribbit (D:7)
  A hippogriff (D:8)
  Sigmund (D:6)
  Menkaure (D:5)
  Duvessa (D:7)
  An ice beast (D:7)
  A sky beast (D:8)
  A necrophage (D:6)
  3 ogres
  A phantom (D:8)
  2 centaurs (D:8)
  2 bullfrogs (D:8)
  Blork the orc (D:5)
  Dowan (D:7)
  A scorpion (D:5)
  3 wights
  4 howler monkeys
  3 hounds (D:4)
  2 jellies
  7 orc priests
  2 centaur skeletons
  An iguana (D:7)
  Ijyb (D:4)
  9 orc wizards
  5 worker ants
  A hound skeleton (D:2)
  2 worker ant zombies
  9 adders
  4 river rats (Sewer)
  A shadow imp (D:7)
  An adder skeleton (D:7)
  An adder zombie (D:7)
  2 worms
  3 dart slugs
  4 leopard geckos
  37 orcs
  6 ball pythons
  A giant cockroach (D:4)
  7 goblins
  16 hobgoblins
  4 jackals (D:1)
  4 quokkas
  12 bats
  17 frilled lizards
  A giant cockroach zombie (D:5)
  6 kobolds
  A leopard gecko skeleton (D:4)
  A quokka skeleton (D:7)
  19 rats
216 creatures vanquished.

Vanquished Creatures (others)
  An orc warrior (D:6)
1 creature vanquished.

Grand Total: 217 creatures vanquished

Notes
Turn   | Place    | Note
-------+----------+-------------------------------------------
     0 | Abyss:1  | Gargoyl the Centaur Abyssal Knight began the quest for the
                  | Orb.
     0 | Abyss:1  | Reached XP level 1. HP: 19/19 MP: 2/2
    88 | Abyss:1  | Noticed a smoke demon
    99 | Abyss:1  | Noticed a soul eater
   112 | Abyss:1  | Gained mutation: You are frail. (-10% HP) [potion of
                  | mutation]
   112 | Abyss:1  | Gained mutation: Your flesh is heat resistant. (rF+)
                  | [potion of mutation]
   112 | Abyss:1  | Gained mutation: Your system is resistant to poisons.
                  | (rPois) [potion of mutation]
   123 | Abyss:1  | Noticed a worldbinder
   126 | D:1      | Escaped the Abyss
   583 | D:1      | Reached XP level 2. HP: 4/23 MP: 3/3
   960 | D:1      | Reached * piety under Lugonu
  1295 | D:1      | Reached XP level 3. HP: 14/27 MP: 4/4
  1779 | D:2      | Reached skill level 1 in Dodging
  2132 | D:2      | Found a blossoming altar of Fedhas.
  2408 | D:2      | Reached XP level 4. HP: 32/34 MP: 6/6
  2756 | D:3      | Reached ** piety under Lugonu
  3135 | D:3      | Reached XP level 5. HP: 24/40 MP: 7/7
  3972 | D:4      | Found a glowing drain.
  3998 | D:4      | Reached XP level 6. HP: 36/46 MP: 8/8
  4115 | Sewer    | Entered a sewer
  4222 | Sewer    | Reached *** piety under Lugonu
  5961 | D:4      | Reached XP level 7. HP: 47/53 MP: 9/9
  6517 | D:5      | Entered Level 5 of the Dungeon
  6556 | D:5      | Found a snail-covered altar of Cheibriados.
  6612 | D:5      | Noticed Menkaure
  6621 | D:5      | Killed Menkaure
  6746 | D:5      | Noticed Ijyb
  6751 | D:5      | Noticed Blork the orc
  6810 | D:4      | Killed Ijyb
  6842 | D:5      | Killed Blork the orc
  7017 | D:5      | Reached XP level 8. HP: 60/60 MP: 11/11
  7092 | D:5      | Reached skill level 1 in Throwing
  7494 | D:6      | Noticed Sigmund
  7507 | D:6      | Killed Sigmund
  7588 | D:6      | Reached **** piety under Lugonu
  7588 | D:6      | Reached skill level 5 in Armour
  7753 | D:6      | Found the +5 pair of quick blades "Gyre" and "Gimble"
                  | {pierce, Dex-3}
  8021 | D:5      | Reached skill level 5 in Axes
  8021 | D:5      | Reached skill level 5 in Invocations
  8809 | D:7      | Found Qunnudam's Antique Armour Shoppe.
  8968 | D:7      | Noticed Duvessa
  8973 | D:7      | Noticed Dowan
  8985 | D:7      | Killed Duvessa
  8987 | D:7      | Found a staircase to the Ecumenical Temple.
  8997 | D:7      | Killed Dowan
  9045 | D:7      | Reached skill level 5 in Fighting
  9218 | D:7      | Reached XP level 9. HP: 36/66 MP: 13/13
  9713 | D:7      | Noticed Prince Ribbit
  9732 | D:7      | Killed Prince Ribbit
 11095 | D:8      | Found a hazy altar of Hepliaklqana.
 11651 | D:8      | Reached skill level 1 in Shields
 12280 | D:9      | Noticed Erolcha
 12288 | D:9      | Slain by Erolcha

Skill      XL: |  1  2  3  4  5  6  7  8  9 |
---------------+----------------------------+-----
Axes           | 2 3 4 5 6 |  6.1
Dodging        | 1 2 |  2.8
Armour         | 2 3 4 5 6 |  6.5
Invocations    | 3 4 5 6 |  6.1
Fighting       | 4 5 6 |  6.1
Throwing       | 1 |  1.4
Shields        | 1 |  1.1

Action                   |  1- 3 |  4- 6 |  7- 9 || total
-------------------------+-------+-------+-------++-------
Melee: Hand axe          |   122 |   207 |   376 ||   705
       Kick              |    13 |    39 |    84 ||   136
Throw: Javelin           |       |     2 |    13 ||    15
Invok: Depart the Abyss  |     1 |       |       ||     1
       Bend Space        |       |     1 |       ||     1
       Banish            |       |       |     1 ||     1
  Use: Scroll            |     6 |     9 |     7 ||    22
       Potion            |     1 |     2 |     4 ||     7
 Stab: Confused          |       |       |     2 ||     2
  Eat: Chunk             |     3 |     7 |    12 ||    22
       Ration            |       |     1 |     2 ||     3
Armor: Leather armour    |    50 |       |       ||    50
       Ring mail         |    40 |    72 |   168 ||   280
       Scale mail        |       |       |     4 ||     4
Dodge: Dodged            |    99 |    78 |   147 ||   324
Block: Large shield      |       |       |    62 ||    62
